 Dungeon Sprint DCSS version 0.30.1-11-g7821555f0a (webtiles) character file.

Game seed: 15757706260682446102

44095 Groucho the Naga Aeon (level 14, -4/125 HPs)
             Began as a Naga Fighter on Nov 9, 2023.
             Was the Champion of Cheibriados.
             Killed from afar by a wendigo (47 damage)
             ... with a seracfall
             ... in the Dungeon (Sprint V: "Ziggurat Sprint").
             The game lasted 00:12:10 (3694 turns).

Groucho the Naga Aeon (Naga Fighter)                Turns: 3694, Time: 00:12:10

Health: -4/125     AC: 37    Str: 36    XL:     14   Next: 27%
Magic:  26/26      EV: 24    Int: 23    God:    Cheibriados [******]
Gold:   0          SH: 42    Dex: 41    Spells: 13/13 levels left

rFire   . . .        a - +6 shillelagh "Devastator" {shatter}
rCold   . . .        c - +18 shield of the Gong {Loud rN+ Will+ rCorr EV-5}
rNeg    + . .        b - +15 Maxwell's patent armour {-Cast -Tele rElec Will+ rCorr}
rPois   +            y - +2 hat
rElec   +            N - +1 cloak
rCorr   +            Y - +0 pair of gloves {Dex+3}
SInv    +            (no barding)
Will    +++..        D - amulet "Pokheohu" {Reflect rPois Str+3 SH+5} Stlth
                     K - +5 ring of evasion
HPRegen 0.40/turn    x - +6 ring of dexterity
MPRegen 0.20/turn

%: no teleportation, no spellcasting, reflection
@: studying 2 skills, unable to drink, very slow
A: AC +4, large, see invisible, deformed body, poison resistance, slowness 2,
spit poison 1, naga tail 2, frail 1, inability to drink after injury 1
a: Spit Poison, Renounce Religion, Bend Time, Temporal Distortion, Slouch, Step
From Time


You were in the Dungeon.
You worshipped Cheibriados.
Cheibriados was exalted by your worship.
You visited 1 branch

Inventory:

Hand Weapons
 a - the +6 shillelagh "Devastator" (weapon) {shatter}
   (You found it in the Dungeon)
 k - a +5 hand crossbow
 l - a +5 sling
 O - a +1 heavy sling
Armour
 b - the +15 Maxwell's patent armour (worn) {-Cast -Tele rElec Will+ rCorr}
   (You found it in the Dungeon)

   rElec:     It insulates you from electricity.
   -Cast:     It prevents spellcasting.
   -Tele:     It prevents most forms of teleportation.
   rCorr:     It protects you from acid and corrosion.
   Will:      It increases your willpower.
 c - the +18 shield of the Gong (worn) {Loud rN+ Will+ rCorr EV-5}
   (You found it in the Dungeon)

   Loud:      It is deafeningly noisy when blocking attacks.
   EV:        It affects your evasion (-5).
   rN:        It protects you from negative energy.
   rCorr:     It protects you from acid and corrosion.
   Will:      It increases your willpower.
 y - a +2 hat (worn)
 N - a +1 cloak (worn)
 Y - a +0 pair of gloves of dexterity (worn)
Jewellery
 x - a +6 ring of dexterity (right hand)
 z - a +6 ring of intelligence
 A - a +6 ring of intelligence
 B - a +6 ring of strength
 D - the amulet "Pokheohu" (around neck) {Reflect rPois Str+3 SH+5}
   (You found it in the Dungeon)

   [amulet of reflection]

   It reflects blocked missile attacks.
   Str:       It affects your strength (+3).
   rPois:     It protects you from poison.
   SH:        It affects your SH (+5).
 E - a ring of protection from cold
 F - an amulet of magic regeneration
 I - a ring of protection from fire
 J - a ring of flight
 K - a +5 ring of evasion (left hand)
 S - the amulet "Vaonuar" {Regen+ Dex+3}
   (You found it in the Dungeon)

   [amulet of regeneration]

   Dex:       It affects your dexterity (+3).
   Regen:     It increases your rate of health regeneration.
 T - the ring of Tesubb {rPois rN+ rCorr Str+3}
   (You found it in the Dungeon)

   [ring of positive energy]

   Str:       It affects your strength (+3).
   rPois:     It protects you from poison.
   rN:        It protects you from negative energy.
   rCorr:     It protects you from acid and corrosion.
 U - an amulet of the acrobat
 V - a ring of magical power
 W - a ring of positive energy
 X - a ring of resist corrosion
Wands
 u - a wand of mindburst (30)
 v - a wand of light (28)
 G - a wand of flame (36)
 H - a wand of roots (15)
 L - a wand of polymorph (12)
 P - a wand of paralysis (6)
 Q - a wand of digging (11)
Scrolls
 j - 4 scrolls of blinking
 m - 4 scrolls of amnesia
 n - 8 scrolls of fog
 o - 5 scrolls of identify
 p - 2 scrolls of fear
 w - 4 scrolls of brand weapon
 R - 4 scrolls of enchant weapon
Potions
 d - 8 potions of might
 e - 10 potions of curing
 f - 8 potions of heal wounds
 g - 6 potions of haste
 h - 7 potions of magic
 i - 3 potions of berserk rage
 q - 2 potions of brilliance
 r - 2 potions of invisibility
 s - 4 potions of resistance
 t - a potion of experience
 C - a potion of lignification {unknown}
 M - a potion of attraction {unknown}


   Skills:
 + Level 12.9 Fighting
 + Level 12.7 Maces & Flails
 + Level 9.9 Ranged Weapons
 * Level 14.9 Armour
 * Level 14.7 Dodging
 * Level 16.2 Shields
 + Level 17.4 Invocations


You had 13 spell levels left.
You didn't know any spells.
Your spell library contained the following spells:

 Spells                   Type           Power      Damage    Failure   Level
 Beastly Appendage        Tmut           0%         N/A       63%         1
 Foxfire                  Conj/Fire      0%         2x1d4     63%         1
 Kiss of Death            Conj/Necr      0%         2d5       63%         1
 Necrotise                Necr           0%         1d4       63%         1
 Summon Small Mammal      Summ           0%         N/A       63%         1
 Blink                    Tloc           0%         N/A       77%         2
 Cigotuvi's Dreadful Rot  Necr/Pois/Air  0%         N/A       77%         2
 Ensorcelled Hibernation  Hex/Ice        0%         N/A       77%         2
 Lesser Beckoning         Tloc           0%         N/A       77%         2
 Momentum Strike          Conj/Tloc      0%         3d8       77%         2
 Passwall                 Tmut/Erth      0%         N/A       77%         2
 Static Discharge         Conj/Air       0%         2-2/arc   77%         2
 Sublimation of Blood     Necr           0%         N/A       77%         2
 Confusing Touch          Hex            0%         N/A       94%         3
 Dazzling Flash           Conj/Hex       0%         N/A       94%         3
 Hailstorm                Conj/Ice       0%         3d3       94%         3
 Ignite Poison            Fire/Tmut/Pois 0%         N/A       94%         3
 Inner Flame              Hex/Fire       0%         N/A       94%         3
 Ozocubu's Armour         Ice            0%         N/A       94%         3
 Portal Projectile        Hex/Tloc       0%         N/A       94%         3
 Spider Form              Tmut/Pois      0%         N/A       94%         3
 Stone Arrow              Conj/Erth      0%         3d7       94%         3
 Swiftness                Air            0%         N/A       94%         3
 Vampiric Draining        Necr           0%         2d6       94%         3
 Vhi's Electric Charge    Tloc/Air       0%         N/A       94%         3
 Airstrike                Air            0%         2d(0-16)  100%        4
 Anguish                  Hex/Necr       0%         N/A       100%        4
 Animate Armour           Summ/Erth      0%         N/A       100%        4
 Cause Fear               Hex            0%         N/A       100%        4
 Dispel Undead            Necr           0%         3d6       100%        4
 Ice Form                 Ice/Tmut       0%         N/A       100%        4
 Iskenderun's Mystic Bla  Conj/Tloc      0%         2d3       100%        4
 Olgreb's Toxic Radiance  Pois           0%         N/A       100%        4
 Petrify                  Tmut/Erth      0%         N/A       100%        4
 Summon Lightning Spire   Summ/Air       0%         N/A       100%        4
 Agony                    Necr           0%         N/A       100%        5
 Arcjolt                  Conj/Air       0%         1d10      100%        5
 Blade Hands              Tmut           0%         N/A       100%        5
 Fireball                 Conj/Fire      0%         3d3       100%        5
 Freezing Cloud           Conj/Ice/Air   0%         6-21      100%        5
 Irradiate                Conj/Tmut      0%         3d11      100%        5
 Iskenderun's Battlesphe  Conj           0%         2d6       100%        5
 Metabolic Englaciation   Hex/Ice        0%         N/A       100%        5
 Silence                  Hex/Air        0%         N/A       100%        5
 Yara's Violent Unravell  Hex/Tmut       0%         3d3       100%        5
 Conjure Ball Lightning   Conj/Air       0%         3x3d6     100%        6
 Death Channel            Necr           0%         N/A       100%        6
 Starburst                Conj/Fire      0%         6d3       100%        6
 Statue Form              Tmut/Erth      0%         N/A       100%        6
 Dragon Form              Tmut           0%         N/A       100%        7
 Enfeeble                 Hex            0%         N/A       100%        7
 Haunt                    Necr/Summ      0%         N/A       100%        7
 Malign Gateway           Summ/Tloc      0%         N/A       100%        7
 Orb of Destruction       Conj           0%         9d5       100%        7
 Storm Form               Tmut/Air       0%         N/A       100%        7
 Discord                  Hex            0%         N/A       100%        8
 Ignition                 Fire           0%         3d3       100%        8
 Lehudib's Crystal Spear  Conj/Erth      0%         10d2      100%        8
 Maxwell's Capacitive Co  Air            0%         ∞         100%        8
 Dragon's Call            Summ           0%         N/A       100%        9
 Fire Storm               Conj/Fire      0%         5d1       100%        9


Dungeon Overview and Level Annotations

Branches:
Dungeon (1/1)

Altars:
Ashenzari
Cheibriados
Dithmenos
Elyvilon
Fedhas
Gozag
Hepliaklqana
Kikubaaqudgha
Makhleb
Nemelex Xobeh
Okawaru
Qazlal
Ru
Sif Muna
Trog
Uskayaw
Vehumet
Wu Jian
Xom
Yredelemnul
Zin
The Shining One
Jiyva
Lugonu


Innate Abilities, Weirdness & Mutations

Your serpentine skin is tough. (AC +4)
You have supernaturally acute eyesight. (SInv)
Armour fits poorly on your strangely shaped body.
Your system is resistant to poisons. (rPois)
You cover ground very slowly.
You can spit poison.
You can use your snake-like lower body to constrict enemies.
You are frail. (-10% HP)
You occasionally lose the ability to drink potions when taking damage.


Message History

Unknown command.
Unknown command.
An Ice Fiend, a nargun, 7 simulacra and 2 wendigos come into view.
Found eleven items.
The wendigo howls!
The wendigo gestures.
The bat simulacrum collapses into a mass of ice!
The mass of ice explodes!
The seracfall engulfs you!!
A giant cockroach simulacrum comes into view.
An adder simulacrum comes into view. x2
The wendigo moves out of view.
A frost giant comes into view.
It is wielding a +0 battleaxe of freezing.
The frost giant shouts!
A nargun comes into view.
Unknown command.
Unknown command.
Unknown command.
Really slither into that cloud of freezing vapour?
Okay, then.
Unknown command.
Unknown command. 3 simulacra, a nargun and a freezing wraith come into view.
Found eleven items.
A tormentor comes into view.
The wendigo gestures.
The giant cockroach simulacrum collapses into a mass of ice!
The mass of ice explodes!
The seracfall engulfs you!!
The frost giant points at you and mumbles some strange words.
The bolt of cold hits the Ice Fiend.
The Ice Fiend completely resists.
The bolt of cold misses you.
The wendigo gestures.
The giant cockroach simulacrum collapses into a mass of ice!
The mass of ice explodes!
The seracfall engulfs you!!
You feel threatened and lose the ability to drink potions!
The Ice Fiend gestures at you. The bolt of cold misses you.
The wendigo gestures.
The adder simulacrum collapses into a mass of ice!
The mass of ice explodes!
The seracfall engulfs you!!!
You die...

©8_8_8_8▓ ▓.....8©
...)).._▓▓..))|[Z:)=:?[. ▓..)=:[[
.......8▓▓..|[=RZ)))|:)..▓...}[|.
......._▓▓.....2C..9ZW...▓......†
.......8▓▓.....○9.ZZ..R..▓....†..
......._▓▓....Z☼.Z.......▓......†
.......8▓▓....Z.19Z......▓....††.
......._▓▓...............▓.....†.
.......8▓▓......@°.......▓.......
......._▓▓...............▓..▓....
.......8▓▓...▓.......▓...▓.......
......._▓▓.. ▓▓.....▓▓ .▓.......
_8_8_8_8▓▓...▓.......▓...▓......©
▓▓▓▓▓▓▓▓▓ ...............▓▓▓▓▓▓▓▓
.......©.......▓.....8©
▓▓▓▓▓▓▓▓▓▓▓▓▓▓▓▓..|..[. ▓..|.)..


You could see a frost giant, an Ice Fiend, 2 wendigos, 3 narguns, a freezing
wraith, a tormentor (wandering), 4 ball python simulacra, 2 adder simulacra and
3 quokka simulacra.

Vanquished Creatures
  A royal mummy (D)
  Gastronok (D)
  A shadow dragon (D)
  3 narguns (D)
  A frost giant (D)
  2 very ugly things (D)
  2 ghouls (D)
  A vampire knight (D)
  Nessos (D)
  3 wendigos (D)
  Snorg (D)
  An entropy weaver (shapeshifter) (D)
  2 hydras (D)
  2 ice dragons (D)
  An anaconda (shapeshifter) (D)
  A two-headed ogre (shapeshifter) (D)
  2 death scarabs (D)
  A vampire mage (D)
  5 soul eaters (D)
  Nergalle (D)
  2 wretched stars (D)
  A sixfirhy (D)
  Pikel (D)
  A sea snake (shapeshifter) (D)
  A steelbarb worm (shapeshifter) (D)
  5 deep elf pyromancers (D)
  2 necromancers (D)
  A shining eye (shapeshifter) (D)
  2 deep elf zephyrmancers (D)
  A wolf spider (shapeshifter) (D)
  An ugly thing (D)
  A salamander (shapeshifter) (D)
  A shining eye (D)
  A black mamba (D)
  2 naga magi (D)
  A water nymph (shapeshifter) (D)
  A komodo dragon (shapeshifter) (D)
  2 freezing wraiths (D)
  A rime drake (D)
  An ancient zyme (D)
  3 guardian mummies (D)
  A merfolk (shapeshifter) (D)
  2 queen bees (shapeshifter) (D)
  Grinder (D)
  A blink frog (shapeshifter) (D)
  5 merfolk (D)
  2 hornets (shapeshifter) (D)
  A tarantella (shapeshifter) (D)
  2 jumping spiders (shapeshifter) (D)
  A flying skull (D)
  2 vampires (D)
  4 shadows (D)
  2 water elementals (D)
  Eustachio (D)
  A hog (shapeshifter) (D)
  2 wyverns (D)
  2 golden eyes (D)
  A redback (shapeshifter) (D)
  4 steam dragons (D)
  3 neqoxecs (D)
  An acid dragon (D)
  A swamp worm (shapeshifter) (D)
  2 nagas (D)
  2 water moccasins (D)
  3 hell hounds (D)
  Duvessa (D)
  3 swamp drakes (D)
  A bullfrog (D)
  A necrophage (D)
  A quasit (D)
  A jelly (D)
  Crazy Yiuf (D)
  2 iguanas (D)
  2 iron imps (D)
  2 mummies (D)
  5 adders (D)
  A river rat (D)
  A shadow imp (D)
  A white imp (D)
  An ufetubus (D)
  A spectral adder (D)
  4 adder skeletons (D)
  An adder zombie (D)
  2 adder simulacra (D)
  A spectral bat (D)
  2 bat skeletons (D)
  2 bat zombies (D)
  A ball python (D)
  3 ball python skeletons (D)
  4 ball python zombies (D)
  2 bat simulacra (D)
  A jackal zombie (D)
  3 quokka skeletons (D)
  A quokka zombie (D)
  A spectral ball python (D)
165 creatures vanquished.

Vanquished Creatures (others)
  An adder simulacrum (D)
  A bat simulacrum (D)
  2 giant cockroach simulacra (D)
4 creatures vanquished.

Grand Total: 169 creatures vanquished

Notes
Turn   | Place    | Note
-------+----------+-------------------------------------------
     0 | D        | Groucho the Naga Fighter began the quest for the Orb.
     0 | D        | Reached XP level 1. HP: 21/21 MP: 1/1
    13 | D        | Found a blossoming altar of Fedhas.
    13 | D        | Found the +6 Majin-Bo {spellvamp, MP+6 Int+6}
    13 | D        | Found the +27 heavy crossbow "Sniper" {heavy, Acc+∞ SInv}
    13 | D        | Found the +10 dark maul {heavy}
    13 | D        | Found the +15 Maxwell's patent armour {-Cast -Tele rElec
                  | Will+ rCorr}
    13 | D        | Found the +18 shield of the Gong {Loud rN+ Will+ rCorr
                  | EV-5}
    13 | D        | Found the +16 obsidian axe {drain, demonic, Mesm Drain Fly
                  | SInv}
    13 | D        | Found the +7 great mace "Firestarter" {flame, immolate,
                  | rFlCloud rF++}
    13 | D        | Found the +6 shillelagh "Devastator" {shatter}
    13 | D        | Found the +11 plutonium sword {Contam Stlth-}
    13 | D        | Found the +8 lance "Wyrmbane" {slay drac, rPois rF+ rC+
                  | AC+3}
    13 | D        | Found the +9 sword of Zonguldrok {reap}
    13 | D        | Found the +13 scythe of Curses {drain, curses, Drain}
    13 | D        | Found the +9 sword of Power {lifebolt}
    13 | D        | Found the +7 mace of Variability {chaos, chaos arc}
    13 | D        | Found the +11 Singing Sword {sonic wave}
    13 | D        | Found the +8 storm bow {elec, penet}
    14 | D        | Found a transporter.
    14 | D        | Found a viscous altar of Jiyva.
    14 | D        | Found an ancient bone altar of Kikubaaqudgha.
    14 | D        | Found a hazy altar of Hepliaklqana.
    14 | D        | Found a corrupted altar of Lugonu.
    14 | D        | Found an opulent altar of Gozag.
    14 | D        | Found a burning altar of Makhleb.
    21 | D        | Found a sparkling altar of Nemelex Xobeh.
    21 | D        | Found an iron altar of Okawaru.
    21 | D        | Found a stormy altar of Qazlal.
    21 | D        | Found a sacrificial altar of Ru.
    29 | D        | Found a shimmering blue altar of Sif Muna.
    59 | D        | Became a worshipper of Cheibriados the Contemplative
    66 | D        | Found a bloodstained altar of Trog.
   154 | D        | Entered arena 2.
   154 | D        | Noticed a hornet
   154 | D        | Noticed a blink frog
   154 | D        | Found a transporter.
   165 | D        | Killed a hornet
   166 | D        | Reached skill level 5 in Shields
   166 | D        | Reached skill level 5 in Invocations
   166 | D        | Reached XP level 2. HP: 18/31 MP: 1/5
   166 | D        | Reached XP level 3. HP: 21/37 MP: 1/6
   166 | D        | Reached XP level 4. HP: 26/45 MP: 1/7
   166 | D        | Reached XP level 5. HP: 29/51 MP: 1/8
   167 | D        | Killed a blink frog
   167 | D        | Reached * piety under Cheibriados
   168 | D        | Reached skill level 5 in Fighting
   168 | D        | Reached skill level 5 in Armour
   168 | D        | Reached skill level 5 in Dodging
   168 | D        | Reached skill level 6 in Invocations
   168 | D        | Reached XP level 6. HP: 36/61 MP: 1/11
   429 | D        | Entered arena 3.
   429 | D        | Noticed a golden eye
   429 | D        | Noticed a golden eye
   429 | D        | Found a transporter.
   431 | D        | Killed a golden eye
   432 | D        | Reached skill level 5 in Maces & Flails
   432 | D        | Reached skill level 7 in Invocations
   432 | D        | Reached XP level 7. HP: 67/67 MP: 12/12
   433 | D        | Killed a golden eye
   433 | D        | Reached ** piety under Cheibriados
   446 | D        | Entered arena 4.
   446 | D        | Noticed an ancient zyme
   446 | D        | Found a transporter.
   453 | D        | Reached *** piety under Cheibriados
   458 | D        | Killed an ancient zyme
   459 | D        | Reached skill level 8 in Invocations
   459 | D        | Reached XP level 8. HP: 53/76 MP: 12/14
   856 | D        | Got the amulet "Pokheohu" {Reflect rPois Str+3 SH+5}
   875 | D        | Entered arena 5.
   875 | D        | Found a transporter.
   877 | D        | Reached **** piety under Cheibriados
   881 | D        | Reached ***** piety under Cheibriados
   893 | D        | Entered arena 6.
   893 | D        | Noticed a merfolk
   893 | D        | Noticed a merfolk
   893 | D        | Noticed a merfolk
   893 | D        | Noticed a merfolk
   893 | D        | Noticed a merfolk
   893 | D        | Found a transporter.
   895 | D        | Killed a merfolk
   895 | D        | Killed a merfolk
   896 | D        | Reached skill level 9 in Invocations
   898 | D        | Killed a merfolk
   899 | D        | Reached XP level 9. HP: 67/85 MP: 4/16
   901 | D        | Killed a merfolk
   904 | D        | Killed a merfolk
   905 | D        | Reached skill level 10 in Invocations
  1165 | D        | Got the Omnibus of Trauma
  1171 | D        | Got the Excursus on Gathered Fog
  1192 | D        | Entered arena 7.
  1192 | D        | Noticed a naga mage
  1193 | D        | Reached ****** piety under Cheibriados
  1194 | D        | Found a transporter.
  1198 | D        | Killed a naga mage
  1199 | D        | Reached skill level 1 in Ranged Weapons
  1381 | D        | Got the Meditations on Topological Nausea
  1396 | D        | Entered arena 8.
  1396 | D        | Noticed a wretched star
  1396 | D        | Noticed a wretched star
  1396 | D        | Noticed a sixfirhy
  1397 | D        | Killed a sixfirhy
  1398 | D        | Reached skill level 11 in Invocations
  1398 | D        | Found a transporter.
  1398 | D        | Killed a wretched star
  1399 | D        | Reached skill level 10 in Shields
  1399 | D        | Reached XP level 10. HP: 43/96 MP: 11/18
  1399 | D        | Killed a wretched star
  1635 | D        | Entered arena 9.
  1635 | D        | Noticed a black mamba
  1635 | D        | Noticed a naga mage
  1636 | D        | Killed a black mamba
  1638 | D        | Found a transporter.
  1640 | D        | Killed a naga mage
  1641 | D        | Reached skill level 12 in Invocations
  1802 | D        | Entered arena 10.
  1804 | D        | Found a transporter.
  1828 | D        | Entered arena 11.
  1828 | D        | Noticed a deep elf pyromancer
  1828 | D        | Noticed a deep elf pyromancer
  1828 | D        | Noticed a deep elf pyromancer
  1828 | D        | Noticed a deep elf zephyrmancer
  1828 | D        | Noticed a deep elf pyromancer
  1828 | D        | Noticed a deep elf zephyrmancer
  1828 | D        | Noticed a deep elf pyromancer
  1830 | D        | Killed a deep elf zephyrmancer
  1831 | D        | Killed a deep elf pyromancer
  1831 | D        | Killed a deep elf zephyrmancer
  1831 | D        | Killed a deep elf pyromancer
  1831 | D        | Killed a deep elf pyromancer
  1831 | D        | Killed a deep elf pyromancer
  1831 | D        | Killed a deep elf pyromancer
  1832 | D        | Reached skill level 5 in Ranged Weapons
  1832 | D        | Reached skill level 10 in Armour
  1832 | D        | Reached skill level 10 in Dodging
  1832 | D        | Reached skill level 13 in Invocations
  1832 | D        | Reached XP level 11. HP: 99/106 MP: 9/20
  1837 | D        | Found a transporter.
  1865 | D        | Got the Codex of the Flamy Sixfirhy
  1976 | D        | Entered arena 12.
  1976 | D        | Noticed a death scarab
  1976 | D        | Noticed a death scarab
  1977 | D        | Killed a death scarab
  1977 | D        | Killed a death scarab
  1977 | D        | Noticed a royal mummy
  1979 | D        | Noticed a death scarab
  1982 | D        | Noticed a death scarab
  1982 | D        | Noticed a death scarab
  1982 | D        | Noticed a death scarab
  1982 | D        | Found a transporter.
  1984 | D        | Noticed an emperor scorpion
  1989 | D        | Killed a royal mummy
  1990 | D        | Reached skill level 10 in Fighting
  1990 | D        | Reached skill level 14 in Invocations
  1990 | D        | Reached XP level 12. HP: 29/116 MP: 3/22
  2387 | D        | Entered arena 13.
  2387 | D        | Noticed Duvessa
  2387 | D        | Noticed Nergalle
  2387 | D        | Noticed Pikel
  2387 | D        | Noticed Grinder
  2387 | D        | Noticed Nessos
  2387 | D        | Noticed Crazy Yiuf
  2387 | D        | Noticed Snorg
  2387 | D        | Noticed Gastronok
  2388 | D        | Noticed Eustachio
  2389 | D        | Killed Crazy Yiuf
  2389 | D        | Killed Nessos
  2390 | D        | Killed Grinder
  2390 | D        | Killed Pikel
  2390 | D        | Killed Duvessa
  2390 | D        | Killed Eustachio
  2391 | D        | Reached skill level 10 in Maces & Flails
  2391 | D        | Killed Nergalle
  2393 | D        | Killed Snorg
  2395 | D        | Found a transporter.
  2398 | D        | Killed Gastronok
  2399 | D        | Reached skill level 15 in Invocations
  2459 | D        | Entered arena 14.
  2460 | D        | Noticed a nargun
  2460 | D        | Noticed a frost giant
  2460 | D        | Noticed a nargun
  2460 | D        | Noticed a wendigo
  2460 | D        | Noticed a wendigo
  2461 | D        | Noticed a nargun
  2462 | D        | Noticed a wendigo
  2464 | D        | Killed a nargun
  2464 | D        | Killed a nargun
  2465 | D        | Killed a nargun
  2465 | D        | Killed a wendigo
  2466 | D        | Killed a wendigo
  2466 | D        | Killed a wendigo
  2466 | D        | Killed a frost giant
  2467 | D        | Reached skill level 16 in Invocations
  2467 | D        | Gained mutation: You can use your snake-like lower body to
                  | constrict enemies. [Naga growth]
  2467 | D        | Reached XP level 13. HP: 115/127 MP: 4/25
  2468 | D        | Found a transporter.
  2479 | D        | Got Nufulaf's Secrets of Reformation
  2485 | D        | Got Vahyin's Essays on Feathers and Hail
  2506 | D        | Entered arena 15.
  2618 | D        | Noticed a white very ugly thing
  2618 | D        | Gained mutation: You are frail. (-10% HP) [a neqoxec]
  2619 | D        | Gained mutation: You occasionally lose the ability to drink
                  | potions when taking damage. [a neqoxec]
  2623 | D        | Killed a white very ugly thing
  2791 | D        | Found a transporter.
  2806 | D        | Got the ring "Custob" {rPois rF- rCorr MP+9 Dex+5}
  2828 | D        | Entered arena 16.
  2829 | D        | Noticed a brown very ugly thing
  2829 | D        | Noticed an entropy weaver
  2832 | D        | Killed an entropy weaver
  2834 | D        | Killed a brown very ugly thing
  2835 | D        | Reached skill level 15 in Shields
  2835 | D        | Found a transporter.
  2868 | D        | Entered arena 17.
  2987 | D        | Noticed an ice dragon
  2987 | D        | Noticed an ice dragon
  2991 | D        | Killed an ice dragon
  2991 | D        | Killed an ice dragon
  2992 | D        | Found a transporter.
  2998 | D        | Got the Lectures on Transformation
  3000 | D        | Got the amulet "Vaonuar" {Regen+ Dex+3}
  3026 | D        | Entered arena 18.
  3029 | D        | Noticed a shadow dragon
  3031 | D        | Noticed a ghoul
  3036 | D        | Reached skill level 17 in Invocations
  3036 | D        | Reached XP level 14. HP: 125/125 MP: 11/26
  3042 | D        | Killed a shadow dragon
  3043 | D        | Killed a ghoul
  3048 | D        | Found a transporter.
  3060 | D        | Got the ring of Tesubb {rPois rN+ rCorr Str+3}
  3247 | D        | Entered arena 19.
  3250 | D        | Noticed a vampire knight
  3250 | D        | Found the +5 robe of Night {Dark Will+ SInv}
  3251 | D        | Noticed a ghoul
  3254 | D        | Killed a vampire knight
  3256 | D        | Killed a ghoul
  3507 | D        | Found a transporter.
  3548 | D        | Got the Parchment of Leaden Arcane Weapons
  3688 | D        | Entered arena 20.
  3693 | D        | Noticed a wendigo
  3693 | D        | Noticed an Ice Fiend
  3693 | D        | Noticed a nargun
  3693 | D        | Noticed a wendigo
  3693 | D        | Found the +8 demon blade "Leech" {evervamp, Harm Drain rN+}
  3693 | D        | Noticed a frost giant
  3694 | D        | Noticed a nargun
  3694 | D        | Noticed a nargun
  3694 | D        | Killed from afar by a wendigo

Illustrated notes

Levels and vault maps discovered:
D:        sprint_v [room_start, room_1, room_2, room_3, room_4, room_5, room_6,
          room_7, room_8, room_9, room_10, room_11, room_12, room_13, room_14,
          room_15, room_16, room_17, room_18, room_19, room_20, room_21,
          room_22, room_23, room_24, room_25, room_26, room_27]

Skill      XL: |  1  2  3  4  5  6  7  8  9 10 11 12 13 14 |
---------------+-------------------------------------------+-----
Fighting       | 4 5 6 7 9 10 11 12 | 12.9
Maces & Flails | 4 5 6 7 9 11 12 | 12.7
Armour         | 4 5 6 7 9 10 11 12 14 | 14.9
Dodging        | 3 5 6 7 8 10 11 12 14 | 14.7
Shields        | 5 6 7 8 10 11 12 13 15 16 | 16.2
Invocations    | 5 6 7 8 9 11 13 14 16 17 | 17.4
Ranged Weapons | 2 5 6 7 9 |  9.9

Action                     |  1- 3 |  4- 6 |  7- 9 | 10-12 | 13-15 || total
---------------------------+-------+-------+-------+-------+-------++-------
  Melee: Shillelagh        |    10 |     2 |    24 |    13 |     9 ||    58
         Constrict         |       |       |       |       |     1 ||     1
 Invoke: Slouch            |       |       |     4 |    18 |    19 ||    41
Ability: Spit Poison       |       |       |     1 |       |       ||     1
    Use: Potion            |       |       |       |     2 |       ||     2
 Armour: Plate armour      |     1 |       |     9 |    15 |     6 ||    31
  Dodge: Dodged            |     2 |       |     1 |    20 |    20 ||    43
  Block: Kite shield       |    20 |     1 |    47 |    47 |    51 ||   166
         Reflection        |       |       |     3 |     2 |       ||     5
